 Dungeon Crawl Stone Soup version 0.29.1-15-g9cfb28693d (webtiles) character file.

Game seed: 13026923089066803928

23534 Cheops the Brawler (level 13, -10/96 HPs)
             Began as a Ghoul Monk on Apr 27, 2023.
             Was an Elder of Wu Jian.
             Mangled by a cyclops (26 damage)
             ... on level 13 of the Dungeon.
             The game lasted 00:48:49 (14918 turns).

Cheops the Brawler (Ghoul Monk)                    Turns: 14918, Time: 00:48:49

Health: -10/96     AC: 10    Str: 24    XL:     13   Next: 7%
Magic:  12/12      EV: 15    Int:  5    God:    Wu Jian [****..]
Gold:   886        SH:  0    Dex: 15    Spells: 12/12 levels left

rFire   . . .      SeeInvis .     - Unarmed
rCold   + . .      Faith    .   H - orb {light}
rNeg    + + +      Spirit   .   K - +1 ring mail of Past Mistakes {Str+2}
rPois   ∞          Reflect  .   C - +2 helmet
rElec   .          Harm     .   n - +1 cloak
rCorr   +          Rampage  .   (no gloves)
Will    .....                   y - +0 pair of boots
Stlth   +.........              t - amulet of the acrobat
HPRegen 0.00/turn               f - +6 ring of strength
MPRegen 0.13/turn               O - ring of resist corrosion

@: corroded, inhibited regen, glowing
A: claws 1, cold resistance 1, negative energy resistance 3, inhibited
regeneration, torment resistance 2, devour on kill
a: Renounce Religion, Wall Jump, Serpent's Lash


You were on level 13 of the Dungeon.
You worshipped Wu Jian.
Wu Jian was greatly pleased with you.
You visited 1 branch of the dungeon, and saw 13 of its levels.

You collected 886 gold pieces.

Inventory:

Hand Weapons
 b - a +3 scimitar of flaming
 c - the +9 whip "Killer Klown's Regret" {venom, rF++ Will- Dex+6}
   (You found it on level 5 of the Dungeon)

   It poisons the flesh of those it strikes.
   Dex:       It affects your dexterity (+6).
   rF:        It greatly protects you from fire.
   Will:      It decreases your willpower.
Missiles
 L - 6 throwing nets (quivered)
Armour
 n - a +1 cloak (worn)
 y - a +0 pair of boots (worn)
 C - a +2 helmet (worn)
 H - an orb of light (worn)
 I - +0 steam dragon scales
 J - a +2 robe of willpower
 K - the +1 ring mail of Past Mistakes (worn) {Str+2}
   (You took it off an orc on level 6 of the Dungeon)

   Str:       It affects your strength (+2).
 Q - a +1 robe of the Archmagi
 V - the +1 leather armour of Dowdy Knowledge {rF+ rN+ Str+2}
   (You found it on level 11 of the Dungeon)

   Str:       It affects your strength (+2).
   rF:        It protects you from fire.
   rN:        It protects you from negative energy.
 Z - a +2 scale mail of cold resistance
Magical Staves
 d - a staff of death
Jewellery
 f - a +6 ring of strength (left claw)
 t - an amulet of the acrobat (around neck)
 x - an amulet of guardian spirit
 B - an amulet of regeneration
 G - a ring of wizardry
 O - a ring of resist corrosion (right claw)
Wands
 a - a wand of light (9)
 o - a wand of flame (39)
 p - a wand of paralysis (11)
 T - a wand of iceblast (13)
Scrolls
 e - 3 scrolls of poison {unknown}
 h - 4 scrolls of teleportation
 i - a scroll of enchant weapon {unknown}
 j - 6 scrolls of noise {unknown}
 k - 4 scrolls of immolation {unknown}
 m - 4 scrolls of enchant armour
 q - a scroll of summoning
 r - a scroll of torment
 E - 2 scrolls of amnesia
 M - a scroll of butterflies {unknown}
 N - a scroll of vulnerability {unknown}
 P - a scroll of fear {unknown}
 S - 2 scrolls of silence {unknown}
 W - 2 scrolls of magic mapping {unknown}
Potions
 l - 13 potions of curing {unknown}
 s - 2 potions of attraction
 u - a potion of haste
 v - 3 potions of resistance
 w - a potion of ambrosia
 z - 3 potions of magic {unknown}
 A - a potion of mutation {unknown}
 D - 4 potions of flight
 F - 2 potions of might
 X - a potion of cancellation {unknown}
 Y - 2 potions of degeneration {unknown}
Miscellaneous
 R - a condenser vane
 U - a phantom mirror


   Skills:
 - Level 4.2 Fighting
 - Level 6.0 Long Blades
 + Level 5.7 Armour
 - Level 8.0 Dodging
 - Level 2.1 Stealth
 * Level 18.1 Unarmed Combat
 - Level 5.2 Evocations


You had 12 spell levels left.
You didn't know any spells.
Your spell library contained the following spells:

 Spells                   Type           Power      Damage    Failure   Level
 Necrotise                Necr           0%         1d4       61%         1
 Sandblast                Erth           0%         2d4       61%         1
 Shock                    Conj/Air       0%         1d3       61%         1
 Passwall                 Tmut/Erth      0%         N/A       75%         2
 Scorch                   Fire           0%         2d5       75%         2
 Stone Arrow              Conj/Erth      0%         3d7       93%         3
 Summon Guardian Golem    Hex/Summ       0%         N/A       93%         3
 Swiftness                Air            0%         N/A       93%         3
 Vampiric Draining        Necr           0%         2d6       93%         3
 Airstrike                Air            0%         2d(0-16)  100%        4
 Flame Wave               Conj/Fire      0%         2d4       100%        4
 Fulminant Prism          Conj/Hex       0%         3d6       100%        4
 Iskenderun's Mystic Bla  Conj/Tloc      0%         2d3       100%        4
 Agony                    Necr           0%         N/A       100%        5
 Lee's Rapid Deconstruct  Erth           0%         3d5*      100%        5
 Summon Cactus Giant      Summ           0%         N/A       100%        6
 Orb of Destruction       Conj           0%         9d5       100%        7
 Spellforged Servitor     Conj/Summ      0%         N/A       100%        7


Dungeon Overview and Level Annotations

Branches:
Dungeon (13/15)            Temple (0/1) D:6            Lair (0/5) D:10
    Orc (0/2) D:11
 Vaults: D:13-14

Altars:
Cheibriados
Gozag
Hepliaklqana
Makhleb
Qazlal
Ru
Trog
Wu Jian

Annotations:
D:9 2 runed translucent doors, croobank's ghost, novice DsFE
D:11 exclusions: oklob plant and oklob sapling


Innate Abilities, Weirdness & Mutations

You are immune to poison.
You have sharp fingernails.
Your flesh is cold resistant. (rC+)
You are immune to negative energy. (rN+++)
You do not regenerate when monsters are visible.
You are immune to unholy pain and torment.
You thrive by killing the living.


Message History

The wolf spider is lightly wounded.
The wolf spider barely misses you. The wolf spider bites you!
* * * LOW HITPOINT WARNING * * *
You scratch the wolf spider.
The wolf spider is lightly wounded.
The wolf spider hits you but does no damage.
The wolf spider barely misses you.
You completely miss the wolf spider.
The wolf spider is lightly wounded.
The wolf spider hits you but does no damage.
The wolf spider bites you.
* * * LOW HITPOINT WARNING * * *
You claw the wolf spider!
The wolf spider is heavily wounded.
A brown ugly thing comes into view.
The wolf spider hits you but does no damage.
The wolf spider bites you but does no damage.
You mangle the wolf spider!!
The wolf spider is almost dead.
The wolf spider barely misses you. The wolf spider bites you.
* * * LOW HITPOINT WARNING * * *
You mangle the wolf spider!!
You kill the wolf spider!
The Council accepts your kill.
You feel better.
A gargoyle comes into view. It is wielding a +0 flail.
The cyclops throws a large rock.
The large rock hits you!
* * * LOW HITPOINT WARNING * * *
Found a clear potion.
Found 17 gold pieces.
You mangle the cyclops!!
The cyclops is moderately wounded.
You claw the cyclops!
The cyclops is severely wounded.
The brown ugly thing trunk-slaps you!
* * * LOW HITPOINT WARNING * * *
The acid corrodes you!
You are splashed with acid.
You resist.
* * * LOW HITPOINT WARNING * * *
The cyclops hits you!!
You die...

.....
#...............
.....###...........
.
.......#............
..........(........
.....#.............
....###............
..................
......(...........
...##..@..........
(.!....Cu.........
.##....9..........
#............##
.....>..#.#...#
..........##...
.........# ..
......#..$


You could see a brown ugly thing, a cyclops and a gargoyle.

Vanquished Creatures
  Snorg (D:12)
  Josephine (D:11)
  Erica (D:11)
  4 two-headed ogres
  A centaur warrior (D:13)
  Urug (D:11)
  Amaemon (D:8)
  Pikel (D:6)
  An ugly thing (D:12)
  4 cyclopes
  A wolf spider (D:13)
  2 manticores (D:11)
  Maurice (D:11)
  An unseen horror (D:12)
  An orange demon (D:8)
  2 kobold demonologists (D:11)
  2 trolls
  7 slime creatures
  A shadow (D:12)
  4 wraiths (D:11)
  2 vampires
  Eustachio (D:6)
  2 steam dragons (D:6)
  28 yaks
  Menkaure (D:6)
  An acid dragon (D:10)
  Duvessa (D:6)
  7 orc warriors
  4 water moccasins
  An ice beast (D:6)
  A sky beast (D:8)
  A black bear (D:6)
  4 ogres
  5 centaurs
  A lemure (D:6)
  2 phantoms
  4 bullfrogs
  7 kobold brigands
  9 gnoll sergeants
  A scorpion (D:6)
  Dowan (D:6)
  10 killer bees
  A howler monkey (D:11)
  3 hounds
  2 jellies
  4 orc priests
  A gnoll bouda (D:6)
  2 iguanas (D:6)
  6 orc wizards
  28 gnolls
  8 adders
  A worm (D:4)
  4 dart slugs
  44 orcs
  4 bats (D:1)
  An endoplasm (D:4)
  2 giant cockroaches (D:4)
  5 goblins
  4 hobgoblins
  10 jackals
  13 kobolds
  5 quokkas
  17 ball pythons
  5 frilled lizards (D:1)
  3 rats (D:1)
305 creatures vanquished.

Vanquished Creatures (others)
  8 fungi (D:6)
  11 plants
19 creatures vanquished.

Grand Total: 324 creatures vanquished

Notes
Turn   | Place    | Note
-------+----------+-------------------------------------------
     0 | D:1      | Cheops the Ghoul Monk began the quest for the Orb.
     0 | D:1      | Reached XP level 1. HP: 19/19 MP: 0/0
   222 | D:1      | Reached XP level 2. HP: 26/26 MP: 1/1
   439 | D:1      | Found a faded altar of an unknown god.
   466 | D:1      | Reached skill level 4 in Unarmed Combat
  1136 | D:2      | Reached XP level 3. HP: 31/31 MP: 2/2
  2037 | D:2      | HP: 1/31 [gnoll/+0 halberd (4)]
  2060 | D:2      | Reached XP level 4. HP: 28/38 MP: 3/3
  2871 | D:3      | Reached skill level 5 in Unarmed Combat
  3391 | D:4      | Found an ornate altar of the Wu Jian Council.
  3559 | D:4      | Reached XP level 5. HP: 12/45 MP: 4/4
  4135 | D:4      | Found an opulent altar of Gozag.
  4577 | D:5      | Entered Level 5 of the Dungeon
  4590 | D:5      | Reached skill level 6 in Unarmed Combat
  4753 | D:5      | Reached XP level 6. HP: 46/51 MP: 5/5
  4890 | D:5      | Found a burning altar of Makhleb.
  4907 | D:5      | Identified the +9 whip "Killer Klown's Regret" {venom, rF++
                  | Will- Dex+6}
  5329 | D:4      | Became a worshipper of the Wu Jian Council
  5329 | D:4      | Reached * piety under Wu Jian
  5329 | D:4      | Reached ** piety under Wu Jian
  5388 | D:6      | Noticed a water moccasin
  5401 | D:6      | Killed a water moccasin
  5402 | D:6      | Reached skill level 7 in Unarmed Combat
  5402 | D:6      | Reached XP level 7. HP: 41/57 MP: 4/6
  5714 | D:6      | Noticed Eustachio
  5737 | D:6      | Killed Eustachio
  5738 | D:6      | Reached skill level 5 in Dodging
  5738 | D:6      | Reached skill level 8 in Unarmed Combat
  5796 | D:6      | Reached XP level 8. HP: 62/63 MP: 7/7
  5807 | D:6      | Noticed Pikel
  6080 | D:6      | Reached skill level 9 in Unarmed Combat
  6172 | D:6      | Found a staircase to the Ecumenical Temple.
  6705 | D:6      | Found a bloodstained altar of Trog.
  6711 | D:6      | Identified the +1 ring mail of Past Mistakes {Str+2}
  6740 | D:6      | Killed Pikel
  6741 | D:6      | Reached skill level 10 in Unarmed Combat
  6741 | D:6      | Reached XP level 9. HP: 31/70 MP: 3/8
  6989 | D:6      | Noticed Menkaure
  6992 | D:6      | Killed Menkaure
  6993 | D:6      | Reached skill level 11 in Unarmed Combat
  7095 | D:6      | Noticed Dowan
  7099 | D:6      | Noticed Duvessa
  7101 | D:6      | Killed Dowan
  7117 | D:6      | Killed Duvessa
  7505 | D:7      | Reached skill level 12 in Unarmed Combat
  8299 | D:7      | Reached XP level 10. HP: 70/77 MP: 6/9
  8967 | D:8      | Reached skill level 13 in Unarmed Combat
  9221 | D:8      | Reached skill level 1 in Armour
  9264 | D:8      | Noticed Amaemon
  9264 | D:8      | Noticed an orange demon
  9303 | D:8      | Killed Amaemon
  9451 | D:8      | Killed an orange demon
  9732 | D:9      | Reached *** piety under Wu Jian
  9805 | D:9      | Reached skill level 14 in Unarmed Combat
 10340 | D:9      | Reached **** piety under Wu Jian
 10363 | D:9      | Reached XP level 11. HP: 58/82 MP: 10/10
 10410 | D:9      | Found a large runed translucent door.
 10422 | D:9      | Found a large runed translucent door.
 10429 | D:9      | Noticed croobank's ghost (novice DsFE)
 10638 | D:9      | Reached skill level 15 in Unarmed Combat
 10879 | D:10     | Entered Level 10 of the Dungeon
 10900 | D:10     | Noticed a two-headed ogre
 10904 | D:10     | Killed a two-headed ogre
 10905 | D:10     | Reached skill level 1 in Evocations
 11110 | D:10     | Found a staircase to the Lair.
 11123 | D:10     | Noticed a two-headed ogre
 11128 | D:10     | Killed a two-headed ogre
 11436 | D:10     | Found a snail-covered altar of Cheibriados.
 11502 | D:10     | Reached skill level 16 in Unarmed Combat
 11534 | D:10     | Found a hazy altar of Hepliaklqana.
 11535 | D:10     | Found a stormy altar of Qazlal.
 11662 | D:10     | Found a sacrificial altar of Ru.
 11893 | D:11     | Noticed Maurice
 11909 | D:11     | Killed Maurice
 11985 | D:11     | Identified the +1 leather armour of Dowdy Knowledge {rF+
                  | rN+ Str+2}
 12018 | D:11     | Reached ***** piety under Wu Jian
 12115 | D:11     | Noticed Erica
 12124 | D:11     | Killed Erica
 12147 | D:11     | Noticed a manticore
 12155 | D:11     | Killed a manticore
 12175 | D:11     | Noticed Urug
 12178 | D:11     | Noticed Josephine
 12188 | D:11     | Killed Urug
 12189 | D:11     | Reached XP level 12. HP: 16/89 MP: 11/11
 12482 | D:11     | Reached skill level 17 in Unarmed Combat
 12553 | D:11     | Reached skill level 5 in Evocations
 12914 | D:11     | Found a staircase to the Orcish Mines.
 13056 | D:11     | Noticed a four-headed hydra
 13093 | D:11     | Killed Josephine
 13094 | D:11     | Reached skill level 1 in Long Blades
 13492 | D:12     | Noticed a two-headed ogre
 13504 | D:12     | Killed a two-headed ogre
 13622 | D:12     | Noticed Snorg
 13698 | D:12     | Noticed a two-headed ogre
 13707 | D:12     | Killed a two-headed ogre
 13708 | D:12     | Reached skill level 5 in Long Blades
 13918 | D:12     | Killed Snorg
 14288 | D:13     | Noticed a centaur warrior
 14303 | D:13     | Killed a centaur warrior
 14304 | D:13     | Reached skill level 5 in Armour
 14451 | D:13     | HP: 3/91 [barbs]
 14903 | D:13     | Reached skill level 18 in Unarmed Combat
 14903 | D:13     | Reached XP level 13. HP: 96/96 MP: 12/12
 14918 | D:13     | Mangled by a cyclops

Illustrated notes

Levels and vault maps discovered:
D:1:      dpeg_arrival_three_same_balls, layout_basic,
          hellmonk_ecumenical_altar_zigzags, corexii_hall_statues_l,
          minmay_tromino_v4_c
D:2:      layout_loops_cross
D:3:      layout_basic
D:4:      nicolae_cairo_tiling_large, layout_cave_pools, lemuel_round_altar,
          overflow_temple_1_default, hangedman_abyss_or_decor_passed,
          nicolae_kite_square_tiling_tiny, corner_web_ring
D:5:      layout_rooms, bloody_makhleb
D:6:      kennysheep_steamy, layout_cave_pods, kennysheep_mini_moat,
          minmay_temple_entry_overgrown, uniq_menkaure, uniq_pikel,
          uniq_duvessa, uniq_eustachio
D:7:      layout_loops_corners, serial_aquarium, aquarium_bridge_island_small
          [aquarium_subvault_small_open, aquarium_subvault_bridge,
          aquarium_subvault_window, aquarium_subvault_window,
          aquarium_subvault_wall], aquarium_bridge_long_separate
          [aquarium_subvault_bridge, aquarium_subvault_bridge,
          aquarium_subvault_window, aquarium_subvault_window,
          aquarium_subvault_bridge, aquarium_subvault_wall],
          aquarium_window_fake, aquarium_window_1, aquarium_window_2,
          aquarium_view_2f, aquarium_view_2d, aquarium_pool_1,
          minmay_misc_feat_chi
D:8:      nicolae_cairo_tiling_very_big, layout_loops_cross, uniq_amaemon
D:9:      layout_roguey [special_room_orc], ebering_ghost_disaster_area
D:10:     layout_roguey, mainiacjoe_overflow_alcove_1,
          chequers_temple_overflow_statue_of_worship, nicolae_ru_path_of_blood,
          lair_entry_dummy
D:11:     layout_loops_ring, kennysheep_orc_monster_closet_entryway,
          introduction_to_nature_1, uniq_maurice, uniq_josephine, uniq_urug,
          uniq_erica
D:12:     layout_rooms, patterned_corridor, uniq_snorg
D:13:     layout_cave_pools, david_vaults_5, argonaut_gorgonesque

Skill      XL: |  1  2  3  4  5  6  7  8  9 10 11 12 |
---------------+-------------------------------------+-----
Unarmed Combat | 4 5 6 7 8 10 12 14 16 18 | 18.1
Dodging        | 3 4 5 6 7 8 |  8.0
Armour         | 4 5 |  5.7
Evocations     | 4 5 |  5.2
Fighting       | 4 |  4.2
Long Blades    | 6 |  6.0
Stealth        | |  2.1

Action                   |  1- 3 |  4- 6 |  7- 9 | 10-12 | 13-15 || total
-------------------------+-------+-------+-------+-------+-------++-------
Melee: Unarmed           |    90 |   149 |   201 |   568 |    11 ||  1019
       Punch             |     2 |     5 |     1 |       |       ||     8
       Scimitar          |       |       |       |     4 |       ||     4
Invok: Lunge             |       |       |     7 |    51 |     1 ||    59
       Whirlwind         |       |       |     4 |     5 |       ||     9
       Serpent's Lash    |       |       |       |     1 |       ||     1
       Heavenly Storm    |       |       |       |     1 |       ||     1
 Abil: Wall Jump         |       |       |       |     1 |       ||     1
Evoke: Wand              |       |       |     3 |     3 |       ||     6
       Condenser vane    |       |       |       |     1 |       ||     1
  Use: Potion            |     1 |       |       |     3 |       ||     4
       Scroll            |       |     5 |       |     5 |       ||    10
 Stab: Sleeping          |     3 |     4 |       |       |       ||     7
       Invisible         |       |       |       |     3 |       ||     3
Armor: Robe              |    12 |    30 |    30 |       |       ||    72
       Steam dragon scal |       |       |    12 |       |       ||    12
       Ring mail         |       |       |    12 |   118 |     4 ||   134
Dodge: Dodged            |    73 |    88 |   105 |   310 |     4 ||   580
